 Dungeon Crawl Stone Soup version 0.30-a0-900-g23479c02f2 (webtiles) character file.

Game seed: 12071215688031252661

16 jlumianski the Trooper (level 2, -1/24 HPs)
             Began as a Demonspawn Fighter on Mar 18, 2023.
             Slain by a worm (6 damage)
             ... on level 2 of the Dungeon.
             The game lasted 00:00:43 (149 turns).

jlumianski the Trooper (Demonspawn Fighter)          Turns: 149, Time: 00:00:44

Health: -1/24      AC:  6    Str: 16    XL:     2   Next: 41%
Magic:  2/2        EV:  8    Int: 11    God:
Gold:   17         SH:  4    Dex: 12    Spells: 1/1 levels left

rFire   . . .      SeeInvis .    a - +0 war axe
rCold   . . .      Faith    .    c - +0 buckler
rNeg    . . .      Spirit   .    b - +0 scale mail
rPois   .          Reflect  .    (no helmet)
rElec   .          Rampage  .    (no cloak)
rCorr   .                        (no gloves)
Will    .....                    (no boots) Stlth
                                 (no amulet)
HPRegen 0.24/turn                (no ring)
MPRegen 0.08/turn                (no ring)

@: no status effects
A: big brain 1
a: no special abilities


You were on level 2 of the Dungeon.
You visited 1 branch of the dungeon, and saw 2 of its levels.

You collected 17 gold pieces.

Inventory:

Hand Weapons
 a - a +0 war axe (weapon)
Missiles
 e - 5 poisoned darts (quivered)
Armour
 b - a +0 scale mail (worn)
 c - a +0 buckler (worn)
Potions
 d - a potion of might


   Skills:
 + Level 3.1 Fighting
 + Level 2.0 Axes
 + Level 3.1 Armour
 + Level 2.8 Shields


You had one spell level left.
You didn't know any spells.
Your spell library contained the following spells:

 Spells                   Type           Power      Damage    Failure   Level
 Tukima's Dance           Hex            0%         N/A       99%         3
 Passage of Golubria      Tloc           0%         N/A       100%        4
 Yara's Violent Unravell  Hex/Tmut       0%         3d3       100%        5


Dungeon Overview and Level Annotations

Branches:
Dungeon (2/15)

Altars:


Innate Abilities, Weirdness & Mutations

You have an unusually large brain. (Int +2)


Message History

The bat hits you but does no damage. The adder bites you but does no damage.
You miss the adder. You slash the bat!
You kill the bat!
The adder bites you but does no damage. x2
You hit the adder.
The adder is moderately wounded.
You hit the worm. The adder closely misses you.
The goblin hits you but does no damage.
Unknown command.
You slash the adder!
You kill the adder!
You slash the goblin!
You kill the goblin!
You hit the worm but do no damage. The worm barely misses you.
Your Axes skill increases to level 2!
Your Armour skill increases to level 3!
You have reached level 2!
Your demonic ancestry asserts itself...
Your brain expands.
The worm barely misses you.
You see here an adder corpse.
The worm completely misses you. You block the worm's attack.
You block the worm's attack. You block the worm's attack. The worm bites you.
The worm bites you! The worm bites you. The worm bites you. The worm bites you!
* * * LOW HITPOINT WARNING * * *
The worm closely misses you. The worm closely misses you.
The worm bites you but does no damage.
A hobgoblin comes into view.
The hobgoblin shouts!
The worm bites you but does no damage. You block the worm's attack.
You block the worm's attack. The worm bites you.
You die...

#.........#...
#............. #
#.........#...
..####.............
.............(...
#...........#
#..†)g.....#
#...@..<.#
####w..#.# #.##....
#..# ....# ....#
.#..# ###..# .##...
...# .# ### .....
.#


You could see a worm and a hobgoblin.

Vanquished Creatures
  An adder (D:2)
  A goblin (D:2)
  3 jackals (D:1)
  2 bats
  A rat (D:1)
8 creatures vanquished.

Notes
Turn   | Place    | Note
-------+----------+-------------------------------------------
     0 | D:1      | jlumianski the Demonspawn Fighter began the quest for the
                  | Orb.
     0 | D:1      | Reached XP level 1. HP: 18/18 MP: 1/1
   122 | D:2      | Gained mutation: You have an unusually large brain. (Int
                  | +2) [demonic ancestry]
   122 | D:2      | Reached XP level 2. HP: 24/24 MP: 2/2
   149 | D:2      | Slain by a worm

Illustrated notes

Levels and vault maps discovered:
D:1:      ldierk_walled_garden, layout_basic, serial_shops,
          nicolae_shop_bloodbath_and_beyond
D:2:      cheibrodos_fertilizer, layout_rooms, serial_shops,
          nicolae_square_shop, grunt_ministairs_3

Skill      XL: |  1 |
---------------+----+-----
Axes           | 2 |  2.0
Armour         | 3 |  3.1
Fighting       | |  3.1
Shields        | |  2.8

Action                     || total
---------------------------++-------
  Melee: War axe           ||    17
 Armour: Scale mail        ||    22
  Dodge: Dodged            ||    14
  Block: Buckler           ||     8

Table legend: (Time is in decaauts)
 A = Elapsed time spent in this place.
 B = Non-inter-level travel time spent in this place.
 C = Inter-level travel time spent in this place.
 D = Time resting spent in this place.
 E = Time spent auto-exploring this place.
 F = Levels seen in this place.
 G = Mean time per level.
                   A        B        C        D        E       F      G
               +--------+--------+--------+--------+--------+-----+--------+
         Total |    156 |    156 |      0 |      0 |     55 |   2 |   78.0 |
       Dungeon |    156 |    156 |      0 |      0 |     55 |   2 |   78.0 |
               +--------+--------+--------+--------+--------+-----+--------+

Top non-repeatable levels by time:
     D:1: 115 daAuts
     D:2: 40 daAuts
